[Event "Late-Titled-Tuesday-Blitz-June-18-2024"]
[Site "Chess.com"]
[Date "2024.06.18"]
[Round "8"]
[White "th3d4rkness"]
[Black "StoreySniper"]
[Result "1-0"]
[WhiteElo "2238"]
[BlackElo "2400"]
[TimeControl "180+1"]
[EndTime "15:29:09 PDT"]
[Termination "th3d4rkness won on time"]

1. e4 g6 2. d4 Bg7 3. Nc3 c5 4. Nge2 cxd4 5. Nxd4 Nc6 6. Be3 Nf6 7. Bc4 d6 8. Bb3 O-O 9. f3 Bd7 10. Qd2 Qb8 11.
g4 b5 12. h4 Ne5 13. Bh6 Nc4 14. Bxc4 bxc4 15. Bxg7 Kxg7 16. h5 g5 17. Qxg5+ Kh8 18. Qd2 Qxb2 19. Rb1 Qa3 20. g5 Ng8 21. g6 Rab8 22.
Rxb8 Rxb8 23. gxf7 Nf6 24. Rg1 Rf8 25. e5 dxe5 26.
Ndb5 Qc5 27. Qg2 Rxf7 28. h6 Bg4 29. fxg4 e4 30. Kd1 e5 31. Kc1 a6 32. Rd1 axb5 33.
Rd8+ Ng8 34. Nxe4 Qa3+ 35. Kd2 1-0

[Event "Late-Titled-Tuesday-Blitz-June-18-2024"]
[Site "Chess.com"]
[Date "2024.06.18"]
[Round "8"]
[White "OIAM03"]
[Black "Navyblue1"]
[Result "0-1"]
[WhiteElo "2030"]
[BlackElo "2175"]
[TimeControl "180+1"]
[EndTime "15:29:09 PDT"]
[Termination "Navyblue1 won on time"]

1. e4 c5 2. c3 Nf6 3. e5 Nd5 4. d4 cxd4 5. Nf3 d6 6. cxd4 Nc6 7. Bc4 Nb6 8. Bb5 dxe5 9. Nxe5 Bd7 10. Nxd7 Qxd7 11.
Nc3 e6 12. O-O Be7 13. Qg4 O-O 14. Bh6 Bf6 15. Bxc6 bxc6 16. Rfd1 Kh8 17. Ne4 Qe7 18. Bg5 Bxg5 19. Nxg5 h6 20. Nf3 c5 21. dxc5 Qxc5 22. Rac1 Qb5 23. b3 Rac8 24. Nd4 Qb4 25. Qf4 Rxc1 26. Rxc1 Rd8 27. Nxe6 Qxf4 28. Nxf4 Rd2 29. a3 Rb2 30. b4 Ra2 31. g3 Rxa3 0-1

[Event "Late-Titled-Tuesday-Blitz-June-18-2024"]
[Site "Chess.com"]
[Date "2024.06.18"]
[Round "8"]
[White "ChEsper99"]
[Black "ALRS-SPS"]
[Result "0-1"]
[WhiteElo "2260"]
[BlackElo "2428"]
[TimeControl "180+1"]
[EndTime "15:29:14 PDT"]
[Termination "ALRS-SPS won on time"]

1. e4 e5 2. Nf3 Nc6 3. Nc3 Nf6 4. d4 d6 5. Bc4 exd4 6. Nxd4 Be7 7. O-O O-O 8. h3 Bd7 9. Re1 Nxd4 10. Qxd4 c5 11.
Qd3 Bc6 12. Bf4 a6 13. a4 Qc7 14. Rad1 Rad8 15. b3 Qb8 16. Nd5 Bxd5 17. Bxd5 Nxd5 18. Qxd5 Rfe8 19. c4 b5 20. axb5 axb5 21. Ra1 bxc4 22. bxc4 Bf6 23. Rab1 Qc8 24. Rb6 Be5 25. Be3 Qe6 26.
Reb1 Qf6 27. Qd2 h6 28. Rc1 Rb8 29. Rcb1 Rbc8 30. Rb7 Re7 31. Rxe7 Qxe7 32. Qc2 Qf6 33. Qd3 Ra8 34. g3 Kh7 35. Kg2 Ra2 36. Rb3 Ra1 37. Rb2 Bxb2 0-1

[Event "Late-Titled-Tuesday-Blitz-June-18-2024"]
[Site "Chess.com"]
[Date "2024.06.18"]
[Round "8"]
[White "esskeettit"]
[Black "Korchmar_Vasiliy"]
[Result "0-1"]
[WhiteElo "2509"]
[BlackElo "2638"]
[TimeControl "180+1"]
[EndTime "15:29:16 PDT"]
[Termination "Korchmar_Vasiliy won by resignation"]

1. d4 d5 2. c4 c6 3. Nc3 Nf6 4. e3 e6 5. Nf3 a6 6. b3 Bb4 7.
Bd2 Nbd7 8. Bd3 O-O 9. O-O Qe7 10. Qc2 e5 11. dxe5 Nxe5 12. Nxe5 Qxe5 13. Nxd5 Nxd5 14. cxd5 Bxd2 15. Qxd2 Qxd5 16. Rfd1 Qe5 17. Rac1 Bg4 18. f3 Be6 19. f4 Qh5 20. e4 g6 21. Qe3 a5 22.
Rd2 a4 23. Rc5 Qh6 24. b4 a3 25. Rg5 f6 26. Rc5 Rfd8 27. Bc4 Bxc4 28. Rxc4 Qf8 29. Rcd4 Re8 30. Rd6 Qf7 31. h3 Qc4 32. R2d4 Qxa2 33. Rd7 Qe6 34. f5 Qxf5 35. exf5 Rxe3 36. Rd8+ Re8 37.
Rxa8 Rxa8 38. Rd1 a2 39. Ra1 gxf5 40. Kf2 Kf7 41. Kf3 Ke6 42. Kf4 Ra4 43. Kf3 Kd5 44. Kf4 Ke6 45. Kf3 Ke5 46. g3 Ra3+ 47. Kf2 Kd4 48.
h4 h5 0-1

[Event "Late-Titled-Tuesday-Blitz-June-18-2024"]
[Site "Chess.com"]
[Date "2024.06.18"]
[Round "8"]
[White "AlexOstrovskiy"]
[Black "ChessLover0108"]
[Result "0-1"]
[WhiteElo "2723"]
[BlackElo "2940"]
[TimeControl "180+1"]
[EndTime "15:29:18 PDT"]
[Termination "ChessLover0108 won on time"]

1. e4 c5 2. Nc3 d6 3. d4 cxd4 4.
Qxd4 Nc6 5. Qd2 g6 6. b3 Bg7 7. Bb2 Nf6 8. O-O-O O-O 9. f3 a6 10.
g4 b5 11. h4 Qa5 12. Kb1 h5 13. gxh5 Nxh5 14. Nge2 Ne5 15. f4 Ng4 16. Rg1 Kh7 17. f5 Ne5 18. Nd4 Bb7 19. Be2 Bh6 20. Qe1 Nf4 21.
fxg6+ fxg6 22. h5 g5 23. Nf5 Rxf5 24. exf5 Rf8 25. Bd3 Nfxd3 26. cxd3 b4 27. Ne4 Nf3 28. Nxg5+ Bxg5 29. Qe6 Qxf5 30. Qg6+ Qxg6 31. hxg6+ Kxg6 32. Rg2 e5 33. Rc2 d5 34. Rc7 Rf7 35. Rxf7 Kxf7 36. Rf1 d4 37. Kc2 Ke6 38. Rf2 e4 39. dxe4 Bxe4+ 40.
Kd1 d3 41. Rg2 Kf5 42. Rf2 Be3 43. Rf1 Kg4 44. Rh1 Nh4 45. Re1 Bf3+ 0-1

[Event "Late-Titled-Tuesday-Blitz-June-18-2024"]
[Site "Chess.com"]
[Date "2024.06.18"]
[Round "8"]
[White "miraitrunks"]
[Black "Connectedcloud"]
[Result "1-0"]
[WhiteElo "2175"]
[BlackElo "2306"]
[TimeControl "180+1"]
[EndTime "15:29:18 PDT"]
[Termination "miraitrunks won on time"]

1. e3 e5 2. Nf3 Nc6 3. b3 Nf6 4. Bb2 e4 5. Nd4 Nxd4 6. Bxd4 d5 7. Bb5+ c6 8. Be2 Bd6 9. d3 exd3 10. Bxd3 Qe7 11. h3 Bd7 12. Qf3 Be5 13. O-O O-O-O 14. Nc3 Rhg8 15. Bf5 Bxd4 16. exd4 Bxf5 17. Qxf5+ Kb8 18.
b4 Qxb4 19. Qd3 Qe7 20. Rab1 Ka8 21. Rb3 Rge8 22. Rfb1 Rd7 23. Na4 Rc7 24. Nc5 b6 25. Na6 Rb7 26. Nc5 Rbb8 27. Qa6 Qc7 28. Na4 b5 29.
Nc5 Rb6 30. Qa5 Ne4 31. Na6 Qf4 32. Rf3 Qd2 33. Nc7+ Kb7 34. Qa3 f6 35. Nxe8 Qxc2 36. Rfb3 Ra6 37. Qe7+ Kb6 38. Nd6 Qxf2+ 39. Kh2 Qg3+ 40. Rxg3 1-0

[Event "Late-Titled-Tuesday-Blitz-June-18-2024"]
[Site "Chess.com"]
[Date "2024.06.18"]
[Round "8"]
[White "AleksandraMilovic"]
[Black "kalxandria"]
[Result "0-1"]
[WhiteElo "2035"]
[BlackElo "2243"]
[TimeControl "180+1"]
[EndTime "15:29:18 PDT"]
[Termination "kalxandria won by resignation"]

1. e4 c5 2. Nf3 Nc6 3. d4 cxd4 4. Nxd4 g6 5. Nc3 Bg7 6. Be3 Nf6 7. Bc4 O-O 8. f3 Qb6 9. Bb3 Nxe4 10. Nd5 Qa5+ 11.
c3 Nf6 12. Nxc6 dxc6 13. Nxe7+ Kh8 14. O-O Qe5 15. Re1 Qxe7 16. Bxa7 Qc7 17. Bc5 Rd8 18. Qe2 Bf5 19. Be7 Rd7 20. Bxf7 Nd5 21. Bxd5 cxd5 22.
Bh4 d4 23. Bg3 Qb6 24. cxd4 Bxd4+ 25. Kh1 Qxb2 26. Rad1 Qxe2 27. Rxe2 Bf6 28. Rxd7 Bxd7 29. h3 Kg7 30. Rd2 Be6 31. Kh2 Kf7 32. Rd6 Rxa2 33. Rb6 Bc8 34. Rb4 Rc2 35. Rb6 Rc6 36. Rb1 Bd8 37.
Rd1 Bc7 38. f4 Rc2 39. Kh1 Be6 40. Rb1 b6 41. Rf1 Bd5 42. Rg1 b5 43. h4 b4 44. Kh2 Rxg2+ 45. Rxg2 Bxg2 46. Kxg2 b3 47. f5 Bxg3 48. fxg6+ hxg6 49. Kxg3 b2 0-1

[Event "Late-Titled-Tuesday-Blitz-June-18-2024"]
[Site "Chess.com"]
[Date "2024.06.18"]
[Round "8"]
[White "Artem_Koval"]
[Black "Byniolus"]
[Result "0-1"]
[WhiteElo "2578"]
[BlackElo "2765"]
[TimeControl "180+1"]
[EndTime "15:29:20 PDT"]
[Termination "Byniolus won by checkmate"]

1. d4 d6 2. e4 Nf6 3. Nc3 c6 4.
Nf3 Bg4 5. Be3 e6 6. Be2 d5 7.
e5 Nfd7 8. Nd2 Bxe2 9. Nxe2 c5 10. c3 Nc6 11. O-O Be7 12. f4 O-O 13. f5 cxd4 14.
cxd4 Qb6 15. Qb3 Qxb3 16. Nxb3 Rfc8 17. a3 Nb6 18. fxe6 fxe6 19. Nf4 Nc4 20. Bc1 Nd8 21. Nd3 b6 22. Rf2 Rc7 23. Bd2 Rac8 24. Raf1 Nxd2 25. Rxd2 Nf7 26. Nf4 Rc6 27. Nh3 Ng5 28. Nxg5 Bxg5 29.
Re2 Rc2 30. Rff2 R2c4 31. g3 h5 32. Rf1 a5 33. Rd1 a4 34. Na1 Rc1 35. Ree1 R1c4 36. Kf2 b5 37. Ke2 Kh7 38. Kd3 b4 39. axb4 Rxb4 40. Re2 Rcc4 41. Nc2 Rb3# 0-1

[Event "Late-Titled-Tuesday-Blitz-June-18-2024"]
[Site "Chess.com"]
[Date "2024.06.18"]
[Round "8"]
[White "pirulillo"]
[Black "Pelusiansky"]
[Result "0-1"]
[WhiteElo "2412"]
[BlackElo "2576"]
[TimeControl "180+1"]
[EndTime "15:29:20 PDT"]
[Termination "Pelusiansky won by checkmate"]

1. e4 c5 2. Nf3 Nc6 3. b4 d5 4. exd5 Qxd5 5. b5 Ne5 6. Nc3 Nxf3+ 7. gxf3 Qd8 8. Bc4 Nf6 9. Qe2 e6 10. Bb2 Be7 11. Rg1 O-O 12. O-O-O g6 13. h4 a6 14. h5 Nxh5 15. Qe5 Ng7 16. Qh2 Bf6 17.
Rh1 h5 18. Rdg1 axb5 19. Bxb5 Bd7 20. Bd3 Be8 21. f4 c4 22. Be4 Ra5 23. Kd1 b5 24.
Bc1 b4 25. Ne2 Rxa2 26. Ng3 h4 27. Ne2 b3 28. Nc3 Ra1 29. Ke2 Qd4 30. Bb2 Rxg1 31.
Rxg1 bxc2 32. Bxc2 Qb6 33. Nd1 Bxb2 34. Qxh4 Nf5 35. Qh3 Bg7 36. Rh1 f6 37. Qh7+ Kf7 38. Ne3 Nd4+ 39. Kd1 Nxc2 40. Kxc2 Qb3+ 41. Kc1 Ba4 42.
Rh6 Qa3+ 43. Kb1 Rb8# 0-1

[Event "Late-Titled-Tuesday-Blitz-June-18-2024"]
[Site "Chess.com"]
[Date "2024.06.18"]
[Round "8"]
[White "CoachVadim"]
[Black "djano"]
[Result "0-1"]
[WhiteElo "2389"]
[BlackElo "2585"]
[TimeControl "180+1"]
[EndTime "15:29:21 PDT"]
[Termination "djano won by checkmate"]

1. Nf3 c5 2. g3 g6 3. Bg2 Bg7 4.
O-O e5 5. c4 Ne7 6. Nc3 O-O 7. a3 d6 8. b4 Nbc6 9. b5 Nd4 10. e3 Ne6 11. Rb1 f5 12. Nd5 e4 13.
Ne1 Nxd5 14. cxd5 Ng5 15. d3 Qe7 16. Bb2 Bd7 17. Bxg7 Qxg7 18. h4 Nf7 19. dxe4 fxe4 20. Bxe4 Ne5 21. Nd3 Bh3 22. Bg2 Bg4 23. f3 Bd7 24. Nf4 Rae8 25. a4 g5 26. Ne6 Bxe6 27. dxe6 gxh4 28. gxh4 Rxe6 29. Qd5 Rf6 30. f4 Ng4 31. Rbe1 Qf7 32. Qf3 h5 33. e4 Re7 34.
Bh3 Rg6 35. Kh1 Qf6 36. Qg3 Reg7 37. e5 Qd8 38. exd6 Rxd6 39. f5 Rd3 40. Re8+ Qxe8 41. Qxd3 Qe5 42. Bxg4 Rxg4 43. Qd8+ Kh7 44. Qd7+ Rg7 45. Qe6 Qg3 46. f6 Qg2# 0-1

[Event "Late-Titled-Tuesday-Blitz-June-18-2024"]
[Site "Chess.com"]
[Date "2024.06.18"]
[Round "8"]
[White "Eloist"]
[Black "cristiano78"]
[Result "1-0"]
[WhiteElo "2453"]
[BlackElo "2235"]
[TimeControl "180+1"]
[EndTime "15:29:22 PDT"]
[Termination "Eloist won on time"]

1. e4 c5 2. Nf3 d6 3. Bb5+ Bd7 4. Bxd7+ Qxd7 5. c4 Nc6 6. d4 cxd4 7. Nxd4 g6 8. Nc3 Bg7 9. Be3 Nf6 10. f3 O-O 11.
O-O b6 12. Qd2 Rac8 13. b3 Nxd4 14. Bxd4 Ne8 15. Bxg7 Nxg7 16. f4 Ne6 17. f5 Nc5 18. Rae1 a5 19. Rf3 Rce8 20. Nd5 Qb7 21. Rh3 f6 22.
fxg6 hxg6 23. Qh6 Kf7 24. Qh7+ Ke6 25. Qxg6 Kd7 26. Rh7 Kd8 27. h4 b5 28. h5 bxc4 29. bxc4 Qb2 30. Qg7 Rg8 31. h6 Rxg7 32. hxg7 Qd4+ 33.
Kh1 Nxe4 34. Rh8 Ng3+ 35. Kh2 Nf5 36. Rxe8+ Kxe8 37. g8=Q+ Kd7 38. Qh7 Qg4 39. Rxe7+ 1-0

[Event "Late-Titled-Tuesday-Blitz-June-18-2024"]
[Site "Chess.com"]
[Date "2024.06.18"]
[Round "8"]
[White "jcmesafischer"]
[Black "Andrey-Ivanov2011"]
[Result "1-0"]
[WhiteElo "2359"]
[BlackElo "2123"]
[TimeControl "180+1"]
[EndTime "15:29:22 PDT"]
[Termination "jcmesafischer won by resignation"]

1. e4 c5 2. Nc3 d6 3. g3 Nc6 4. Bg2 e5 5. d3 Rb8 6. Nge2 b5 7. f4 g6 8. O-O Bg7 9. Be3 Nge7 10. Qd2 O-O 11.
Nd1 f5 12. c3 exf4 13. gxf4 fxe4 14. dxe4 b4 15. b3 bxc3 16. Ndxc3 Nb4 17. Rad1 Ba6 18. Rf2 Nd3 19. Rf3 Nc6 20. Kh1 Ncb4 21. Bg1 Qe7 22. a3 Nc6 23. Rxd3 Bxd3 24. Qxd3 Nd4 25. Nxd4 cxd4 26. Bxd4 Bxd4 27. Qxd4 Rbc8 28. Nd5 Qg7 29. Qxg7+ Kxg7 30. h3 Rfe8 31. b4 h5 32. a4 Rc4 33. a5 Rb8 34. Rd2 Rbc8 35. Kg1 Rc1+ 36. Kf2 R1c2 37. Ke2 Rxd2+ 38. Kxd2 Kf7 39. b5 Ke6 40. b6 axb6 41. axb6 Rb8 42. h4 Kd7 43. Bf1 Kc6 44. Bc4 Kc5 45. Kc3 Kc6 46. Kb4 Kb7 47. Bb5 Ra8 48. Ne7 Ra1 49. Nxg6 Kxb6 50. Bd7 Re1 51. Bf5 Kc6 52. Kc4 Kc7 53. Kd5 Re2 54. e5 dxe5 55. fxe5 Kd8 56. Ke6 Ke8 57. Kf6 Rf2 58.
e6 Re2 59. Ne5 Rd2 60. Bg6+ Kd8 61. e7+ Kc7 62. e8=Q Rd6+ 63. Kf5 Kb6 64. Nc4+ Kc5 65. Nxd6 1-0

[Event "Late-Titled-Tuesday-Blitz-June-18-2024"]
[Site "Chess.com"]
[Date "2024.06.18"]
[Round "8"]
[White "ChessSwole"]
[Black "artin10862"]
[Result "0-1"]
[WhiteElo "2739"]
[BlackElo "2942"]
[TimeControl "180+1"]
[EndTime "15:29:23 PDT"]
[Termination "artin10862 won by resignation"]

1. d4 d5 2. Nc3 Bf5 3. Bf4 e6 4. e3 a6 5. Bd3 Bxd3 6. cxd3 Nd7 7. Nf3 Ngf6 8. Qb3 Rb8 9. O-O Bd6 10. Ne2 Bxf4 11. Nxf4 c6 12. Rac1 O-O 13. Rfe1 Qa5 14. e4 Rfc8 15. e5 Ne8 16. h4 Nc7 17. h5 Qb6 18. Qc2 Nb5 19. Qa4 c5 20. dxc5 Nxc5 21.
Qb4 a5 22. Qd2 Nd7 23. d4 Na7 24. h6 g6 25. Nd3 Nc6 26. Qf4 Qd8 27. Rc3 Qe7 28. Rec1 Ra8 29. a3 Nb6 30. R1c2 Na4 31. Rb3 Rc7 32. Rb5 Kf8 33. b3 Qxa3 34. bxa4 Qxd3 35.
Qf6 Qxc2 36. Qh8+ Ke7 37. Qxa8 Qc1+ 38. Kh2 Qxh6+ 39. Kg1 Qc1+ 40. Kh2 Qf4+ 41. Kg1 Nxd4 42. Rxb7 Nxf3+ 43. gxf3 Rxb7 44. Qxb7+ Kf8 45. Qa8+ Kg7 46.
Qxa5 d4 47. Qb5 Qxf3 48. a5 d3 49. Qd7 Qg4+ 50. Kf1 Qd1+ 51. Kg2 d2 52. Qd8 Qg4+ 53. Kh2 d1=Q 54. Qf6+ Kh6 0-1

[Event "Late-Titled-Tuesday-Blitz-June-18-2024"]
[Site "Chess.com"]
[Date "2024.06.18"]
[Round "8"]
[White "ninjatrick"]
[Black "schondeln"]
[Result "0-1"]
[WhiteElo "2460"]
[BlackElo "2372"]
[TimeControl "180+1"]
[EndTime "15:29:23 PDT"]
[Termination "schondeln won on time"]

1. Nf3 d5 2. b3 Nf6 3. Bb2 c6 4. d4 Bf5 5. e3 e6 6. Be2 Nbd7 7. O-O h6 8. Nbd2 Bd6 9. Rc1 O-O 10. c4 Qe7 11. c5 Bc7 12. b4 e5 13. dxe5 Nxe5 14.
Nd4 Bd7 15. h3 a6 16. a4 Rfe8 17. Qb3 Rac8 18. b5 axb5 19. axb5 Ne4 20. Nxe4 dxe4 21. Rfd1 Ng6 22. Bc4 Nh4 23. b6 Bb8 24. Ne2 Rcd8 25.
Nf4 Bf5 26. Rxd8 Rxd8 27. Qc3 Qg5 28. g4 Nf3+ 29. Kh1 Be5 30. Bxf7+ Kh8 31. Qb3 Bxf4 32.
Rd1 Rf8 33. Be6 Bg6 34. Rd7 Be5 35. Bxe5 Qxe5 0-1

[Event "Late-Titled-Tuesday-Blitz-June-18-2024"]
[Site "Chess.com"]
[Date "2024.06.18"]
[Round "8"]
[White "JEHUBNER"]
[Black "Sacbutt"]
[Result "1-0"]
[WhiteElo "2099"]
[BlackElo "2279"]
[TimeControl "180+1"]
[EndTime "15:29:23 PDT"]
[Termination "JEHUBNER won by resignation"]

1. e4 c5 2. c3 d5 3. exd5 Qxd5 4. d4 Nf6 5. Nf3 Nc6 6. Be2 e6 7. O-O Be7 8. dxc5 Bxc5 9. Bg5 Qxd1 10. Rxd1 Be7 11.
Bb5 Bd7 12. Na3 a6 13. Be2 h6 14. Bxf6 Bxf6 15. Nc4 Ke7 16. Rd2 Rad8 17. Rad1 Bc8 18. Nb6 Rxd2 19. Rxd2 g5 20. Bd1 e5 21. Ba4 Be6 22.
Nd5+ Bxd5 23. Rxd5 e4 24. Nd2 b5 25. Bb3 b4 26.
Nxe4 bxc3 27. Nxf6 cxb2 28. Rd1 Kxf6 29. Rb1 Rb8 30. Rxb2 a5 31. Rd2 Kg7 32. g3 Ne5 33. Bd5 Rd8 34. Kg2 g4 35. Rd1 h5 36. Bb3 Rb8 37. Rd5 Re8 38. Rxa5 Nd3 39. Rxh5 Re2 40. Rf5 f6 41. Bc4 Rd2 42. Bxd3 Rxd3 43. a4 Rd4 44. Rf4 Rxa4 45. Rxa4 1-0

[Event "Late-Titled-Tuesday-Blitz-June-18-2024"]
[Site "Chess.com"]
[Date "2024.06.18"]
[Round "8"]
[White "topce"]
[Black "Mikhail_Golubev"]
[Result "0-1"]
[WhiteElo "2528"]
[BlackElo "2673"]
[TimeControl "180+1"]
[EndTime "15:29:24 PDT"]
[Termination "Mikhail_Golubev won by checkmate"]

1. e4 c5 2. Nf3 d6 3. Bb5+ Bd7 4. a4 Nf6 5. Qe2 Nc6 6. d3 g6 7. h3 Bg7 8. O-O O-O 9. c3 a6 10.
Bc4 e6 11. Ba2 Rc8 12. Rd1 Ne5 13. Nh2 Bxa4 14. b3 Bc6 15. f4 Ned7 16. Bb2 Nh5 17. Qf2 f5 18. g3 fxe4 19. dxe4 Bxe4 20. Rxd6 Qe7 21. Rd1 e5 22. b4+ Kh8 23. Nd2 Bc6 24. Re1 Qd8 25. Nc4 exf4 26. g4 Ng3 27. Nd6 Ne5 28.
Rad1 Qc7 29. bxc5 Rcd8 30. c4 g5 31. Rxe5 Bxe5 32. Bxe5+ Kg8 33. Nf3 Qe7 34. Bd4 Ne2+ 35. Kg2 Nxd4 36. Rxd4 Bxf3+ 37. Kxf3 Qe5 38. Re4 Qc3+ 39.
Kg2 f3+ 40. Kg3 Qa3 41. c6 Qxd6+ 42. Re5 Qxe5# 0-1

[Event "Late-Titled-Tuesday-Blitz-June-18-2024"]
[Site "Chess.com"]
[Date "2024.06.18"]
[Round "8"]
[White "dianamirza"]
[Black "Rhinos1"]
[Result "1-0"]
[WhiteElo "1806"]
[BlackElo "2041"]
[TimeControl "180+1"]
[EndTime "15:29:25 PDT"]
[Termination "dianamirza won on time"]

1. d4 d5 2. Nf3 c6 3. e3 Nf6 4. Bd3 g6 5. b3 Bg7 6. Bb2 O-O 7. Nbd2 Nbd7 8. O-O Qc7 9. Ne5 Nxe5 10. dxe5 Ng4 11. Nf3 f6 12. exf6 Bxf6 13. Bxf6 Rxf6 14. h3 Rxf3 15.
hxg4 Rf8 16. f4 e5 17. g3 Qe7 18. Kg2 exf4 19. exf4 c5 20. Qf3 Qf7 21. Rae1 b6 22.
Re5 Bb7 23. Rfe1 Rae8 24. Rxe8 Rxe8 25. Rxe8+ Qxe8 26. Qe2 Qc6 27. Kf2 d4 28. Ke1 Qh1+ 29.
Kd2 Qf3 30. Qe8+ Kg7 31. Qe5+ Kf8 32. Qf6+ Kg8 33. Bc4+ Bd5 34. Qd8+ Kg7 35. Qxd5 Qe3+ 36. Kd1 Qg1+ 37. Kd2 Qe3+ 38. Kd1 Qg1+ 39. Ke2 Qe3+ 40.
Kf1 Qc1+ 41. Kg2 Qxc2+ 42. Kh3 Qc3 43. Qf7+ Kh6 44. g5+ 1-0

[Event "Late-Titled-Tuesday-Blitz-June-18-2024"]
[Site "Chess.com"]
[Date "2024.06.18"]
[Round "8"]
[White "Zurability"]
[Black "TigrVShlyape"]
[Result "0-1"]
[WhiteElo "2812"]
[BlackElo "3007"]
[TimeControl "180+1"]
[EndTime "15:29:27 PDT"]
[Termination "TigrVShlyape won by resignation"]

1. e4 c5 2. Nf3 e6 3. c3 Nf6 4. e5 Nd5 5. d4 cxd4 6. cxd4 b6 7. Bd3 Ba6 8. O-O Be7 9. a3 Bxd3 10. Qxd3 d6 11.
Nbd2 Nd7 12. Ne4 dxe5 13. dxe5 h6 14. Re1 O-O 15. Ng3 Nc5 16. Qc4 Kh8 17. Nh5 Rg8 18. b4 Nd7 19. Qg4 Kh7 20. Bd2 Rc8 21. Rad1 b5 22.
Qh3 Qf8 23. Re4 Rc4 24. Rxc4 bxc4 25. Qg4 N7b6 26. Ng3 Kh8 27. Ne4 Qe8 28. Qh3 Kh7 29. Nfg5+ Bxg5 30. Nxg5+ Kh8 31. Ne4 Qa4 32. Rc1 Kh7 33.
Ng5+ Kg6 34. Qg3 Qb3 35. Qg4 f5 36. exf6 Nxf6 37. Qxe6 hxg5 38. Be3 Qd3 39. Re1 Qd5 40. Qe7 Re8 41. Qxa7 Nbd7 42. Qc7 Ne5 43. h4 Nd3 44. Rd1 gxh4 45. Qh2 Qh5 46. Rd2 Qg4 47. Qc7 h3 48.
Qc6 Re4 49. f3 Qg3 50. fxe4 Qxe3+ 51. Kh2 Qxd2 52. e5 Qf4+ 0-1

[Event "Late-Titled-Tuesday-Blitz-June-18-2024"]
[Site "Chess.com"]
[Date "2024.06.18"]
[Round "8"]
[White "unkiyto"]
[Black "Heliosis11"]
[Result "0-1"]
[WhiteElo "2595"]
[BlackElo "2443"]
[TimeControl "180+1"]
[EndTime "15:29:27 PDT"]
[Termination "Heliosis11 won by resignation"]

1. e4 e5 2. Nf3 Nc6 3. Bb5 a6 4. Ba4 Nf6 5. O-O b5 6. Bb3 Bc5 7. a4 Rb8 8. c3 d6 9. d4 Bb6 10. a5 Ba7 11. Be3 Ra8 12. Nbd2 O-O 13. Bg5 h6 14. Bh4 g5 15. Nxg5 hxg5 16. Bxg5 exd4 17. Bd5 Bb7 18. Qf3 Kg7 19. Qg3 Rg8 20. Bxf6+ Kxf6 21. Qf4+ Kg7 22. Qxf7+ Kh8 23. Nf3 Rg7 24. Qh5+ Rh7 25. Qg6 Ne5 26. Nxe5 Bxd5 27. Ng4 Bf7 28. Qf5 Qh4 29. h3 dxc3 30. bxc3 Rf8 31. e5 dxe5 32. Nxe5 Qh5 33. Qf6+ Rg7 34. Ng4 Qg6 35. Qe5 Be6 36.
Qh2 Bxg4 37. hxg4+ Kg8 38. Qe5 Qxg4 39. Qd5+ Kh7 40.
Rae1 Rf5 41. Qc6 Rfg5 42. g3 Qh3 43. Qg2 Rxg3 0-1

[Event "Late-Titled-Tuesday-Blitz-June-18-2024"]
[Site "Chess.com"]
[Date "2024.06.18"]
[Round "8"]
[White "Aswathchess"]
[Black "HajiyevKanan"]
[Result "1/2-1/2"]
[WhiteElo "2766"]
[BlackElo "2564"]
[TimeControl "180+1"]
[EndTime "15:29:29 PDT"]
[Termination "Game drawn by repetition"]

1. e4 a6 2. Nf3 c6 3. c4 d5 4.
exd5 cxd5 5. cxd5 Nf6 6. Nc3 Nxd5 7. Bc4 e6 8. O-O Nxc3 9. dxc3 b5 10. Qxd8+ Kxd8 11. Rd1+ Ke8 12. Be2 Bb7 13. a4 b4 14. Bd2 Nc6 15. cxb4 Bxb4 16. Bxb4 Nxb4 17. Rac1 Nd5 18. Nd4 Ke7 19. Bf3 Rhc8 20. Nb3 Rxc1 21. Rxc1 Rc8 22. Rxc8 Bxc8 23. Bxd5 exd5 24. f3 Bd7 25. Nc5 Bxa4 26. Nxa4 Kd6 27. Kf2 Kc6 28. Ke3 Kb5 29. Nc3+ Kc4 30. Kd2 d4 31. Ne2 a5 32.
Nc1 f5 33. b3+ Kb4 34. Kd3 Ka3 35. Kc2 g6 36. f4 Kb4 37. Ne2 d3+ 38. Kxd3 Kxb3 39.
Nd4+ Kb2 40. h3 a4 41. g4 a3 42. gxf5 a2 43. Nc2 gxf5 44. Kd2 h6 45. Kd3 h5 46. h4 Kc1 47. Kc3 Kb1 48. Na3+ Kc1 49. Nc2 Kb1 50. Kb3 Kc1 51. Kc3 1/2-1/2

[Event "Late-Titled-Tuesday-Blitz-June-18-2024"]
[Site "Chess.com"]
[Date "2024.06.18"]
[Round "8"]
[White "Rainbow2014"]
[Black "Tunahan_Makaraci"]
[Result "0-1"]
[WhiteElo "2502"]
[BlackElo "2627"]
[TimeControl "180+1"]
[EndTime "15:29:29 PDT"]
[Termination "Tunahan_Makaraci won on time"]

1. e4 Nf6 2. e5 Nd5 3. d4 d6 4. Nf3 Nb6 5. Be2 g6 6. O-O Bg7 7. c4 O-O 8. Nc3 Bg4 9. exd6 cxd6 10. b3 d5 11. c5 Nc8 12. Ne1 Bxe2 13. Nxe2 Nc6 14.
Nf3 e6 15. Bf4 N8e7 16. Bd6 Re8 17. Bxe7 Qxe7 18. Rb1 Rad8 19. b4 f6 20. b5 Nb8 21.
Re1 e5 22. Nc3 e4 23. Nd2 f5 24. Nb3 Qf7 25. a4 h5 26. a5 f4 27. Rc1 f3 28.
Qd2 Qf5 29. Nd1 Kh7 30. Ne3 Qg5 31. c6 bxc6 32. bxc6 Rc8 33. c7 Nd7 34. Nc5 Nxc5 35. Rxc5 Bh6 36. Rd1 Re7 37. Rxd5 Qf6 38. Re5 Rexc7 39.
Rxe4 fxg2 40. d5 Rc2 41. Qxc2 Rxc2 42. Nxc2 Qf3 43. Rde1 Bd2 44. d6 Bxe1 45. Rxe1 Qd3 46. Re7+ Kh6 0-1

[Event "Late-Titled-Tuesday-Blitz-June-18-2024"]
[Site "Chess.com"]
[Date "2024.06.18"]
[Round "8"]
[White "kalinchick"]
[Black "simaopdias"]
[Result "1-0"]
[WhiteElo "2372"]
[BlackElo "2206"]
[TimeControl "180+1"]
[EndTime "15:29:29 PDT"]
[Termination "kalinchick won by resignation"]

1. d4 Nf6 2. c4 e6 3. Nc3 b6 4. Qc2 d5 5. Bg5 Be7 6. e3 O-O 7. Nf3 Bb7 8. cxd5 Nxd5 9. Bxe7 Qxe7 10. Be2 Nd7 11. O-O Nb4 12. Qa4 c5 13. dxc5 Bc6 14.
Qxb4 Nxc5 15. Nd4 Bb7 16. Bf3 Bxf3 17. Nxf3 Qf6 18. Rfd1 h6 19. Qd4 Qe7 20. b4 Na6 21.
a3 Rfd8 22. Qc4 Qb7 23. h3 Rac8 24. Rxd8+ Rxd8 25. Rd1 Rc8 26. Qd4 Nb8 27. Nb5 Qa6 28. Qd3 Nc6 29. Nd6 Qxd3 30. Rxd3 Rd8 31. Rd2 a5 32. b5 Ne7 33. Nc4 Rb8 34. Rd6 Nd5 35. e4 Nc3 36. Rxb6 Rxb6 37. Nxb6 Nxb5 38. a4 Nc3 39. Nd2 f5 40. exf5 exf5 41. Ndc4 Kf7 42. Nxa5 Kf6 43. Nb3 Ke5 44. a5 Nb5 45. Kf1 g5 46.
Ke2 Ke4 47. Nc4 h5 48. Ncd2+ Ke5 49. Kd3 h4 50. Nf3+ Kf4 51. Nfd4 Nc7 52. Nc5 Nd5 53.
Nde6+ Ke5 54. Nxg5 Kd6 55. Kc4 Nf4 56. a6 Kc7 57. a7 1-0

[Event "Late-Titled-Tuesday-Blitz-June-18-2024"]
[Site "Chess.com"]
[Date "2024.06.18"]
[Round "8"]
[White "betta2004"]
[Black "Maus7"]
[Result "0-1"]
[WhiteElo "2480"]
[BlackElo "2623"]
[TimeControl "180+1"]
[EndTime "15:29:30 PDT"]
[Termination "Maus7 won by resignation"]

1. Nf3 Nf6 2. e3 g6 3. b3 Bg7 4.
Bb2 O-O 5. d4 d6 6. Nbd2 Nbd7 7.
Bd3 c6 8. c4 e5 9. dxe5 dxe5 10.
Qc2 Qe7 11. O-O-O Nc5 12. Be2 a5 13. Bxe5 Bf5 14. Qb2 Bd3 15. Nf1 Rfd8 16. Ng3 a4 17. b4 a3 18. Qc3 Nce4 19. Bxd3 Nxc3 20. Bxc3 Ng4 21. Bxg7 Kxg7 22. Nd4 Qxb4 23. Rd2 Qc3+ 24. Bc2 Qb2+ 25. Kd1 Qa1+ 26. Ke2 Qc3 27. Bd3 Ne5 28. Ne4 Qa5 29. c5 Nxd3 30. Rxd3 Rd5 31. Rc1 Rb8 32.
g4 h5 33. h3 Qa6 34. Kd2 hxg4 35. hxg4 b6 36. Rcc3 bxc5 37. Rxa3 Rb2+ 38. Kc1 Qb7 39. Rab3 Rxb3 40. Rxb3 Qe7 41. Nc3 cxd4 42. Nxd5 cxd5 43. exd4 Qe1+ 44. Kb2 Qxf2+ 45. Kc3 Qe3+ 46. Kb4 Qxd4+ 47. Kb5 Qc4+ 48. Ka5 Qc5+ 49. Rb5 Qa3+ 50. Kb6 Qxa2 51. Rxd5 Qxd5 0-1